 Dungeon Crawl Stone Soup version 0.31-a0-1025-g2e47921a08 (webtiles) character file.

Game seed: 2402731008710846573

151 Azuregosa the Sneak (level 5, -1/41 HPs)
             Began as an Octopode Delver on Nov 17, 2023.
             Killed by divine providence
             ... invoked by an orc priest
              (13 damage)
             ... on level 3 of the Dungeon.
             The game lasted 00:05:01 (1144 turns).

Azuregosa the Sneak (Octopode Delver)               Turns: 1144, Time: 00:05:02

Health: -1/41      AC:  1    Str: 17    XL:     5   Next: 33%
Magic:  5/5        EV: 13    Int: 15    God:
Gold:   0          SH:  0    Dex: 13    Spells: 4/4 levels left

rFire   . .          .
                       - Unarmed
rCold   . . .        (no shield)
rNeg    . . .        (helmet restricted)
rPois   .            (no amulet)
rElec   .            f - +6 ring of strength
rCorr   .            (no ring)
SInv    .            (no ring)
Will    .....        (no ring)
Stlth   ++++         (no ring)
HPRegen 0.26/turn    (no ring)
MPRegen 0.09/turn    (no ring)
                     (no ring)

%: no passive effects
@: no status effects
A: almost no armour, amphibious, 8 rings, camouflage 1, gelatinous body 1,
(nimble swimmer 1), tentacles
a: no special abilities


You were on level 3 of the Dungeon.
You visited 1 branch of the dungeon, and saw 3 of its levels.
You also visited: Ossuary.

Inventory:

Jewellery
 f - a +6 ring of strength (left tentacle)
Wands
 e - a wand of digging (3)
Scrolls
 a - a scroll of fog
 b - a scroll of brand weapon {unknown}
 c - a scroll of fear
 g - 2 scrolls of vulnerability {unknown}
 j - a scroll of blinking {unknown}
 k - 2 scrolls of teleportation {unknown}
 m - a scroll of enchant armour {unknown}
 n - a scroll of revelation
 o - a scroll of poison {unknown}
Potions
 d - a potion of haste
 h - a potion of cancellation {unknown}
 i - 2 potions of curing {unknown}
 l - a potion of might {unknown}


   Skills:
 + Level 5.9 Fighting
 - Level 2.0 Dodging
 - Level 6.6 Stealth
 - Level 2.0 Unarmed Combat


You had 4 spell levels left.
You didn't know any spells.
Your spell library was empty.

Dungeon Overview and Level Annotations

Branches:
Dungeon (5/15)            Ossuary (visited)
 Temple: D:4-7

Altars:

Annotations:
D:5 Edmund


Innate Abilities, Weirdness & Mutations

You cannot wear most types of armour.
You are amphibious.
You can wear up to eight rings at the same time.
Your skin changes colour to match your surroundings (Stealth+).
Your rubbery body absorbs attacks. (AC +1, EV +1)
((You are camouflaged when in or above water. (Stealth+)))
You have tentacles for arms and can constrict up to eight enemies at once.


Message History

You are confused.
You tentacle-slap the orc wizard but do no damage.
You squeeze the orc wizard.
The orc wizard is severely wounded.
You constrict the orc wizard.
The orc wizard hits you with a +0 dagger.
You tentacle-slap the orc wizard.
You kill the orc wizard!
You closely miss the orc. The orc closely misses you.
You bump into the rock wall.
The orc misses you.
You bump into the rock wall.
The orc closely misses you.
You bump into the rock wall.
You feel less confused. The orc hits you with a +0 hand axe.
You tentacle-slap the orc but do no damage.
You grab the orc. You squeeze the orc, but do no damage. You constrict the orc.
The orc closely misses you.
The orc priest miscasts a cantrip.
You tentacle-slap the orc but do no damage.
You squeeze the orc.
The orc is almost dead.
You constrict the orc.
You kill the orc!
The orc priest closely misses you. The orc barely misses you.
Items here: ( )) [[ ††.
You tentacle-slap the orc priest but do no damage.
Your grab misses the orc priest. You squeeze the orc priest!
The orc priest is heavily wounded.
The orc priest hits you with a +0 whip. The orc hits you with a +0 flail!
You barely miss the orc priest. Your grab misses the orc priest.
The orc priest is heavily wounded.
The orc priest hits you with a +0 whip!
* * * LOW HITPOINT WARNING * * *
The orc misses you.
You tentacle-slap the orc priest. You grab the orc priest.
The orc priest is severely wounded.
You constrict the orc priest.
The orc priest invokes the aid of Beogh against you.
Beogh smites you!
You die...

## ...
....###
.......##
.......>###
........oo#
###.....#@#
##...##.#
##.#
#........
#.
#########
#. #.


You could see an orc priest and an orc.

Vanquished Creatures
  A hound (D:5)
  A sleepcap (D:5)
  An orc wizard (D:3)
  A hound skeleton (D:5)
  A mummy (Ossuary)
  2 orcs
  12 gnoll zombies (Ossuary)
  2 bat simulacra (Ossuary)
  3 goblin simulacra (Ossuary)
  3 goblin zombies (Ossuary)
  8 hobgoblin zombies (Ossuary)
  A kobold simulacrum (Ossuary)
  2 kobold zombies (Ossuary)
  5 orc zombies (Ossuary)
  6 rat simulacra (Ossuary)
  2 spectral goblins (Ossuary)
  4 spectral kobolds (Ossuary)
  2 spectral rats (Ossuary)
57 creatures vanquished.

Notes
Turn   | Place    | Note
-------+----------+-------------------------------------------
     0 | D:5      | Azuregosa the Octopode Delver began the quest for the Orb.
     0 | D:5      | Reached XP level 1. HP: 16/16 MP: 1/1
    13 | D:5      | Reached XP level 2. HP: 13/22 MP: 2/2
    33 | D:5      | Found a sand-covered staircase.
    40 | Ossuary  | Entered an ossuary
   131 | Ossuary  | Reached XP level 3. HP: 27/27 MP: 3/3
   814 | Ossuary  | Reached XP level 4. HP: 33/34 MP: 4/4
   966 | D:5      | Reached skill level 5 in Fighting
   989 | D:5      | Noticed Edmund
  1079 | D:5      | Reached XP level 5. HP: 29/40 MP: 5/5
  1124 | D:4      | Noticed an ogre
  1144 | D:3      | Killed from afar by an orc priest

Illustrated notes

Levels and vault maps discovered:
D:3:      cheibrodos_old_hovel, layout_loops_ring, nicolae_ru_awakened_eye,
          serial_shops, nicolae_shop_real_fake_doors
D:4:      layout_cave_pools, dk_noncrumbling_2
D:5:      layout_loops_ring, serial_undead, serial_undead_b, serial_undead_b,
          serial_undead_d, serial_undead_c, serial_undead_a, serial_undead_e,
          serial_undead_e, serial_undead_c, serial_undead_b, serial_undead_c,
          nicolae_ossuary_entry_ruins, minmay_fountain_box, uniq_edmund

Skill      XL: |  1  2  3  4 |
---------------+-------------+-----
Fighting       | 4 5 |  5.9
Dodging        | |  2.0
Stealth        | |  6.6
Unarmed Combat | |  2.0

Action                     |  1- 3 |  4- 6 || total
---------------------------+-------+-------++-------
  Melee: Unarmed           |   119 |    31 ||   150
         Tentacles         |    31 |    13 ||    44
         Constrict         |    29 |    10 ||    39
         Punch             |     4 |       ||     4
    Use: Scroll            |     1 |       ||     1
   Stab: Sleeping          |    17 |     3 ||    20
 Armour: Skin              |    32 |    13 ||    45
  Dodge: Dodged            |    32 |    15 ||    47

Table legend: (Time is in decaauts)
 A = Elapsed time spent in this place.
 B = Non-inter-level travel time spent in this place.
 C = Inter-level travel time spent in this place.
 D = Time resting spent in this place.
 E = Time spent auto-exploring this place.
 F = Levels seen in this place.
 G = Mean time per level.
                   A        B        C        D        E       F      G
               +--------+--------+--------+--------+--------+-----+--------+
         Total |   1137 |   1137 |      0 |    497 |     79 |   4 |  284.2 |
       Dungeon |    221 |    221 |      0 |     82 |     19 |   3 |   73.7 |
       Ossuary |    916 |    916 |      0 |    415 |     60 |   1 |  916.0 |
               +--------+--------+--------+--------+--------+-----+--------+

Top non-repeatable levels by time:
 Ossuary: 916 daAuts
     D:5: 201 daAuts
     D:3: 16 daAuts
     D:4: 2 daAuts
